[Event "Team 45 45 League T28"]
[Site "Internet Chess Club"]
[Date "2005.10.20"]
[Round "6"]
[White "Leftorium"]
[Black "Tom45"]
[Result "1-0"]
[WhiteElo "1172"]
[BlackElo "1079"]
[TimeControl "2700+45"]

1. e4 e5 2. Nf3 Nc6 3. Bc4 Nf6 4. d3 d6 5. O-O Bg4 6. h3 Bxf3 7. Qxf3 Nd4 8. Qd1
Nc6 9. c3 a6 10. Be3 Na5 11. Qa4+ b5 12. Qxa5 bxc4 13. Qa4+ Nd7 14. dxc4 Be7 15.
Nd2 O-O 16. Nf3 c5 17. b4 cxb4 18. cxb4 Qc7 19. Rad1 Nf6 20. Nd2 h6 21. f3 g5
22. h4 Nh5 23. Kh2 Kh7 24. g4 Ng7 25. h5 Ne6 26. c5 dxc5 27. Rc1 Qd8 28. bxc5
Nxc5 29. Bxc5 Qxd2+ 30. Bf2 Qf4+ 31. Bg3 Qf6 32. Rc6 Bd6 33. Rd1 Rfd8 34. Kg2
Qe7 35. Bf2 a5 36. Bb6 Rd7 37. Bc5 Bxc5 38. Rxd7 Qxd7 39. Rxh6+ Kxh6 40. Qxd7 f6
41. Qf7 Ra7 42. Qg6# {Black checkmated} 1-0

[Event "Team 45 45 League T28"]
[Site "Internet Chess Club"]
[Date "2005.10.26"]
[Round "6"]
[White "martineden"]
[Black "Fegary"]
[Result "1/2-1/2"]
[WhiteElo "1645"]
[BlackElo "1660"]
[TimeControl "2700+45"]

1. d4 Nf6 2. c4 d6 3. Nf3 g6 4. Nc3 Bg7 5. g3 c6 6. Bg2 O-O 7. O-O Bg4 8. Re1
Qc8 9. e4 e5 10. Be3 d5 11. exd5 e4 12. d6 exf3 13. Bxf3 Qf5 14. Bxg4 Nxg4 15.
Qb3 b6 16. Rad1 Nd7 17. d5 c5 18. Bf4 Qh5 19. h4 Nde5 20. Ne4 h6 21. f3 Nf6 22.
Nxf6+ Bxf6 23. Kg2 Nd7 24. Re4 g5 25. hxg5 hxg5 26. g4 Qg6 27. Bg3 Kg7 28. Rde1
Rh8 29. Re7 Qh7 30. Rxd7 Qh3+ 31. Kf2 Bd4+ 32. Re3 Qh1 33. Re7 Rh2+ 34. Bxh2
Qxh2+ 35. Ke1 Bxe3 36. Qxe3 Qxd6 37. Qe5+ Qxe5+ 38. Rxe5 Kf6 39. Re4 Rh8 40. Kd2
Rh2+ 41. Re2 Rh8 42. a3 a5 43. Kc3 {Game drawn by mutual agreement} 1/2-1/2

[Event "Team 45 45 League T28"]
[Site "Internet Chess Club"]
[Date "2005.10.28"]
[Round "6"]
[White "PostMike"]
[Black "tryanything"]
[Result "1-0"]
[WhiteElo "1544"]
[BlackElo "1586"]
[TimeControl "2700+45"]

1. e4 e5 2. Nf3 Nc6 3. Bc4 Nf6 4. Ng5 d5 5. exd5 Na5 6. Bb5+ c6 7. dxc6 Nxc6 8.
O-O Bd6 9. Nc3 O-O 10. Nge4 Bf5 11. Nxd6 Qxd6 12. Re1 Nd4 13. d3 Bg4 14. Qd2
Nf3+ 15. gxf3 Bxf3 16. Qg5 Qd4 17. Be3 Qg4+ 18. Qxg4 Bxg4 19. Bg5 h6 20. Bxf6
gxf6 21. f4 exf4 22. Kf2 Kh7 23. Re7 Rab8 24. Rae1 a6 25. Bd7 Bxd7 26. Rxd7 Kg6
27. Ree7 b5 28. Nd5 {Black resigns} 1-0

[Event "Team 45 45 League T28"]
[Site "Internet Chess Club"]
[Date "2005.10.22"]
[Round "6"]
[White "Fineas-Fogg"]
[Black "chesskix"]
[Result "1-0"]
[WhiteElo "1478"]
[BlackElo "1436"]
[TimeControl "2700+45"]

1. e4 e5 2. Nf3 d6 3. Bc4 Nf6 4. Nc3 c6 5. h3 Nbd7 6. d4 Be7 7. dxe5 Nxe5 8.
Nxe5 dxe5 9. Qxd8+ Bxd8 10. O-O O-O 11. Rd1 Bb6 12. Bg5 Bd4 13. Bxf6 gxf6 14.
Rd3 Kh8 15. Rad1 Be6 16. Bxe6 fxe6 17. b3 f5 18. exf5 exf5 19. Ne2 c5 20. c3 e4
21. R3d2 e3 22. Rd3 exf2+ 23. Kf1 Bg7 24. Kxf2 h5 25. Nf4 Kh7 26. Nxh5 Kh6 27.
Nxg7 Kxg7 28. Rd7+ Rf7 29. Rxf7+ Kxf7 30. Rd7+ Ke6 31. Rxb7 a5 32. c4 Rd8 33.
Ke3 Rd4 34. Rb6+ Ke5 35. Rb5 Re4+ 36. Kf3 Re1 37. Rxc5+ Kf6 38. Kf2 Re5 39. Rxe5
Kxe5 40. Kf3 f4 41. h4 Kf5 42. h5 {Black resigns} 1-0

[Event "Team 45 45 League T28"]
[Site "Internet Chess Club"]
[Date "2005.10.23"]
[Round "6"]
[White "MPknight"]
[Black "GoIrish"]
[Result "1/2-1/2"]
[WhiteElo "1639"]
[BlackElo "1570"]
[TimeControl "2700+45"]

1. d4 Nf6 2. Nf3 g6 3. c4 Bg7 4. Nc3 O-O 5. e3 d6 6. Be2 Nbd7 7. O-O e5 8. dxe5
dxe5 9. e4 Nc5 10. Qc2 Qe7 11. Be3 Bg4 12. h3 Bxf3 13. Bxf3 c6 14. b3 a5 15. Be2
Rad8 16. Rad1 Ne6 17. Rxd8 Rxd8 18. Rd1 Nd4 19. Qb2 Ne8 20. Kf1 Nc7 21. f3 Nce6
22. Qc1 h6 23. Re1 f5 24. Rd1 f4 25. Bf2 Bf6 26. Rd2 Bh4 27. Qe1 Bxf2 28. Qxf2
Qg5 29. Ke1 Qg3 30. Qxg3 fxg3 31. Bd1 Nf4 32. Kf1 Kf7 33. Ne2 Nfxe2 34. Bxe2 g5
35. Ke1 c5 36. Kd1 Kf6 37. Ke1 h5 38. Kf1 Rb8 39. Ke1 Ke6 40. Bd1 Kd6 41. a4 Rf8
42. Rd3 {Game drawn by mutual agreement} 1/2-1/2

[Event "Team 45 45 League T28"]
[Site "Internet Chess Club"]
[Date "2005.10.21"]
[Round "6"]
[White "TheBrewer"]
[Black "charles-allen"]
[Result "1-0"]
[WhiteElo "1571"]
[BlackElo "1528"]
[TimeControl "2700+45"]

1. d4 f5 2. Nf3 Nf6 3. e3 e6 4. Bd3 Be7 5. Nbd2 O-O 6. e4 fxe4 7. Nxe4 Nc6 8.
Nxf6+ Bxf6 9. c3 b6 10. O-O Bb7 11. Re1 Ne7 12. Ne5 Nf5 13. Qh5 Bxe5 14. Rxe5
Qe8 15. Qh3 Qf7 16. f3 g6 17. Bxf5 exf5 18. Bh6 Rfe8 19. b3 d6 20. Ree1 Re6 21.
Qg3 Rae8 22. Bd2 Re2 23. Rxe2 Rxe2 24. Rd1 Qe8 25. Re1 Rxe1+ 26. Bxe1 Qe3+ 27.
Qf2 Qxf2+ 28. Kxf2 Kf7 29. Ke3 Kf6 30. g3 h6 31. g4 g5 32. h4 f4+ 33. Ke2 Ba6+
34. Kd2 Bf1 35. c4 c6 36. Bf2 b5 37. cxb5 Bxb5 38. h5 Ke6 39. d5+ Kxd5 40. Bxa7
c5 41. Bb8 Bf1 42. Bc7 Ke6 43. a4 Ba6 44. Ba5 Bb7 45. Ke2 Bd5 46. Bc3 Bxb3 47.
Bg7 Bxa4 48. Bxh6 Bb5+ 49. Kd2 Kf6 50. Bf8 Ke5 51. h6 Kf6 52. h7 {Black resigns}
1-0

[Event "Team 45 45 League T28"]
[Site "Internet Chess Club"]
[Date "2005.10.20"]
[Round "6"]
[White "BraafPaard"]
[Black "bmw2002"]
[Result "1/2-1/2"]
[WhiteElo "1523"]
[BlackElo "1613"]
[TimeControl "2700+45"]

1. e4 c6 2. c4 d5 3. exd5 cxd5 4. cxd5 Qxd5 5. Nc3 Qa5 6. d4 Nf6 7. Nf3 Bf5 8.
Bb5+ Bd7 9. Qa4 Qxa4 10. Bxa4 Bxa4 11. Nxa4 Nbd7 12. O-O e6 13. Bf4 Be7 14. Rfe1
O-O 15. a3 Nd5 16. Bg3 b6 17. Rac1 Rac8 18. Ne5 Nxe5 19. Bxe5 Rfd8 20. Nc3 Nxc3
21. Rxc3 f6 22. Bg3 Rxc3 23. bxc3 Bxa3 24. Rxe6 Kf7 25. Rc6 Ke7 26. Rc7+ Rd7 27.
c4 Rxc7 28. Bxc7 Bd6 29. Bxd6+ Kxd6 30. Kf1 b5 31. c5+ Kd5 32. Ke2 a5 33. Kd2 b4
34. Kc2 a4 35. Kb2 g6 {Game drawn by mutual agreement} 1/2-1/2  mambomex(71):
jitomate

[Event "Team 45 45 League T28"]
[Site "Internet Chess Club"]
[Date "2005.10.23"]
[Round "6"]
[White "fredd"]
[Black "alaskauk"]
[Result "1-0"]
[WhiteElo "1512"]
[BlackElo "1452"]
[TimeControl "2700+45"]

1. e4 e5 2. Nf3 Nc6 3. Bc4 Bc5 4. d3 h6 5. Be3 Nf6 6. Bxc5 d6 7. Be3 O-O 8. Qd2
Ng4 9. h3 Nxe3 10. Qxe3 Qf6 11. Nbd2 a6 12. O-O-O Na5 13. g4 b5 14. Bb3 Be6 15.
g5 hxg5 16. Qxg5 Qg6 17. Qxg6 fxg6 18. Bxe6+ {Black resigns} 1-0

[Event "Team 45 45 League T28"]
[Site "Internet Chess Club"]
[Date "2005.10.22"]
[Round "6"]
[White "Tomate"]
[Black "Prop"]
[Result "1-0"]
[WhiteElo "1396"]
[BlackElo "1287"]
[TimeControl "2700+45"]

1. e4 e5 2. Nf3 Nf6 3. Nc3 Nc6 4. Bb5 a6 5. Ba4 Bd6 6. O-O O-O 7. Bxc6 bxc6 8.
Re1 Bb7 9. d4 exd4 10. Nxd4 Be5 11. Nde2 d5 12. Bf4 Re8 13. Bxe5 Rxe5 14. f4 Re7
15. e5 Ne4 16. Nxe4 dxe4 17. Ng3 Rd7 18. Qg4 c5 19. Nh5 g6 20. Nf6+ Kg7 21. Nxd7
Qe7 22. Rad1 Rd8 23. Nf6 Rxd1 24. Rxd1 c4 25. Rd7 Qc5+ 26. Kf1 c3 27. Nh5+ Kf8
28. Rd8+ Ke7 29. Qd7# {Black checkmated} 1-0

[Event "Team 45 45 League T28"]
[Site "Internet Chess Club"]
[Date "2005.10.21"]
[Round "6"]
[White "EyeAm"]
[Black "nona"]
[Result "1/2-1/2"]
[WhiteElo "1385"]
[BlackElo "1534"]
[TimeControl "2700+45"]

1. e4 d5 2. exd5 Nf6 3. d4 Nxd5 4. c4 Nb6 5. Nf3 Bg4 6. c5 Nd5 7. Qb3 Bc8 8. Bc4
e6 9. O-O Nc6 10. Bxd5 Qxd5 11. Qxd5 exd5 12. Re1+ Be7 13. Nc3 Be6 14. Bf4 Rc8
15. Nb5 Bd8 16. Ng5 Bxg5 17. Bxg5 a6 18. Nc3 Nxd4 19. Rac1 c6 20. Bf4 O-O 21.
Be5 Nb5 22. Nxb5 axb5 23. Bd6 Rb8 24. Bxb8 Rxb8 25. b4 Ra8 26. Ra1 Kf8 27. Kf1
d4 28. a3 Bc4+ 29. Kg1 d3 30. Red1 Re8 31. Re1 Rd8 32. Red1 d2 33. f3 Bb3 34.
Kf2 Bxd1 35. Rxd1 Rd3 36. Ke2 Rxa3 37. Rxd2 Ke7 38. Rd3 Ra2+ 39. Rd2 Rxd2+ 40.
Kxd2 Ke6 41. Kd3 Kd5 42. g4 g5 43. Kc3 Ke5 44. Kd3 Kf4 45. Ke2 h6 46. Kf2 f5 47.
h3 Ke5 48. Ke3 f4+ 49. Kd3 Kd5 50. Kc3 Ke5 51. Kd3 Ke6 52. Ke4 Kf6 53. Kd4 Kg6
54. Ke4 h5 55. Ke5 hxg4 56. hxg4 {Game drawn by mutual agreement} 1/2-1/2

[Event "Team 45 45 League T28"]
[Site "Internet Chess Club"]
[Date "2005.10.23"]
[Round "6"]
[White "Dalcon"]
[Black "Gomer"]
[Result "0-1"]
[WhiteElo "1232"]
[BlackElo "1341"]
[TimeControl "2700+45"]

1. e4 e5 2. Nf3 Nc6 3. Bb5 d6 4. d4 Bd7 5. Nc3 a6 6. Bxc6 Bxc6 7. dxe5 Qe7 8.
Nd5 Bxd5 9. exd5 dxe5 10. O-O Rd8 11. Ng5 c6 12. c4 Nf6 13. Re1 cxd5 14. Qa4+
Rd7 15. b3 Qd6 16. Bf4 Ng4 17. Rad1 d4 18. Ne4 Qb4 19. Qxb4 Bxb4 20. Bd2 Bxd2
21. Rxd2 O-O 22. h3 Nf6 23. Nxf6+ gxf6 24. g3 Re8 25. f3 f5 26. Kf2 e4 27. fxe4
fxe4 28. Kg2 e3 29. Rde2 d3 30. Rb2 d2 31. Kf1 e2+ 32. Rxe2 d1=Q+ 33. Kf2 Rxe2+
34. Rxe2 Rd2 35. Rxd2 Qxd2+ 36. Kf3 Qxa2 {White resigns} 0-1

[Event "Team 45 45 League T28"]
[Site "Internet Chess Club"]
[Date "2005.10.20"]
[Round "6"]
[White "JimGaming"]
[Black "GLuft"]
[Result "1/2-1/2"]
[WhiteElo "1243"]
[BlackElo "1093"]
[TimeControl "2700+45"]

1. e4 e6 2. d3 d5 3. Nd2 c5 4. Be2 Nc6 5. Ngf3 Nd4 6. Nxd4 cxd4 7. O-O dxe4 8.
Nxe4 e5 9. f4 f6 10. fxe5 fxe5 11. Bg5 Be7 12. Bxe7 Nxe7 13. Bg4 Ng6 14. Qf3 Rf8
15. Qe2 Nf4 16. Qd1 Bf5 17. Bxf5 Rxf5 18. Ng3 Rf7 19. c4 dxc3 20. bxc3 Qxd3 21.
Qxd3 Nxd3 22. Rxf7 Kxf7 23. Ne4 Rd8 24. Rd1 Ke7 25. Kf1 Rf8+ 26. Ke2 Nf4+ 27.
Kf3 Nd3+ 28. Ke3 Nf4 29. Rd2 Rd8 30. Rxd8 Kxd8 31. Nd6 Nd5+ 32. Kd3 Nf4+ 33. Ke4
Kc7 34. Kxe5 Nxg2 35. Ne8+ Kc6 36. Nxg7 b5 37. Kd4 Nf4 38. Nf5 a5 39. Ne7+ Kd6
40. Nc8+ Kc7 41. Ne7 Ne2+ 42. Kc5 Nxc3 43. a3 h5 44. h4 Kb7 45. Ng8 Ka6 46. Nf6
Na4+ 47. Kc6 b4 48. axb4 axb4 49. Ne4 b3 50. Nd2 b2 51. Nb1 Ka5 52. Kd5 Kb4 53.
Kd4 Kb3 54. Kd3 Nc5+ 55. Ke3 Kc2 56. Na3+ Kc1 57. Kf4 Ne6+ 58. Kf5 Nd4+ 59. Kg5
Nc2 60. Nb1 Kxb1 61. Kxh5 Ka1 62. Kg6 b1=Q 63. h5 Ne3+ 64. Kg7 Qf5 65. h6 Qd7+
66. Kh8 Qe8+ 67. Kh7 Nf5 {White stalemated} 1/2-1/2

[Event "Team 45 45 League T28"]
[Site "Internet Chess Club"]
[Date "2005.10.21"]
[Round "6"]
[White "QuaqQuao"]
[Black "engeln"]
[Result "1-0"]
[WhiteElo "1428"]
[BlackElo "1346"]
[TimeControl "2700+45"]

1. e4 Nf6 2. e5 Nd5 3. d4 d6 4. c4 Nb6 5. f4 dxe5 6. fxe5 Nc6 7. Be3 Bf5 8. Nc3
e6 9. Nf3 Be7 10. Be2 O-O 11. O-O f6 12. exf6 Bxf6 13. Rc1 Qe7 14. c5 Nd5 15.
Nxd5 exd5 16. Bf2 Rae8 17. Bd3 Bg4 18. h3 Bh5 19. a3 Nxd4 20. g4 Nxf3+ 21. Qxf3
Bxb2 22. Rce1 Qg5 23. Bf5 c6 24. Kh2 Bg6 25. Bg3 Rxe1 26. Be6+ Bf7 27. Bxf7+ Kh8
28. Rxe1 h6 29. Bg6 Rg8 30. Bf7 Rf8 31. Bg6 Qd8 32. Qb3 Bd4 33. Qxb7 Bxc5 34.
Qxc6 Bxa3 35. Re8 Qa5 36. Rxf8+ Bxf8 37. Qe6 Qd2+ 38. Kh1 Qd1+ 39. Kg2 Qd2+ 40.
Bf2 d4 41. Qf7 Qb4 42. Bxd4 a5 43. Bc3 Qe7 44. Bxg7+ Bxg7 45. Qxe7 {Black
resigns} 1-0

[Event "Team 45 45 League T28"]
[Site "Internet Chess Club"]
[Date "2005.10.21"]
[Round "6"]
[White "Midwest-Rook"]
[Black "chessterbaggins"]
[Result "1-0"]
[WhiteElo "1244"]
[BlackElo "1272"]
[TimeControl "2700+45"]

1. e4 e5 2. Bc4 Nf6 3. d3 Be7 4. Nf3 a6 5. Nxe5 O-O 6. Nc3 d6 7. Nf3 b5 8. Bb3
b4 9. Nd5 c6 10. Nxe7+ Qxe7 11. Bg5 c5 12. Bd5 Ra7 13. Qd2 Nbd7 14. O-O Ne5 15.
Nxe5 Qxe5 16. Bf4 Qh5 17. Qe3 Ng4 18. Qg3 Kh8 19. Bxd6 Rd8 20. Bxc5 Rad7 21.
Bxb4 f5 22. Be6 Rb7 23. Bxc8 Rxb4 24. Bxf5 Nf6 25. b3 g6 26. Be6 Rb6 27. Bh3 g5
28. f3 Rg8 29. Bg4 Nxg4 30. fxg4 Qg6 31. Qe5+ Qg7 32. Qxg7+ Kxg7 33. Rf5 Kg6 34.
Raf1 Rc8 35. c4 Rd8 36. R1f3 a5 37. g3 h5 38. gxh5+ Kxh5 39. Rxa5 Kg4 40. Kg2
Rh6 41. Raf5 Ra8 42. a4 Rb6 43. Rb5 Rh6 44. Rff5 Kh5 45. Rxg5# {Black
checkmated} 1-0

[Event "Team 45 45 League T28"]
[Site "Internet Chess Club"]
[Date "2005.10.22"]
[Round "6"]
[White "WzeroMN"]
[Black "WannaB"]
[Result "1-0"]
[WhiteElo "1166"]
[BlackElo "1008"]
[TimeControl "2700+45"]

1. e4 c5 2. Nf3 Nf6 3. Nc3 a6 4. d4 cxd4 5. Nxd4 e5 6. Nf3 d6 7. h3 Be7 8. Bd3
b5 9. O-O O-O 10. Bg5 Nbd7 11. a3 Nc5 12. Bxf6 Bxf6 13. Be2 Bb7 14. Bd3 Bc6 15.
Re1 a5 16. Bxb5 Bxb5 17. Nxb5 Qb6 18. c4 Be7 19. Re2 Rfd8 20. Nc3 Qb3 21. Qd5
Rab8 22. Nb5 Rxb5 23. cxb5 Qxd5 24. exd5 Bf6 25. Rb1 e4 26. Nd2 Re8 27. b6 Rb8
28. Nxe4 Nxe4 29. Rxe4 Kf8 30. Ra4 g6 31. Rxa5 Rxb6 32. b3 Bc3 33. Ra8+ Kg7 34.
Rc8 Be5 35. Rc6 Rb5 36. a4 Rxd5 37. Ra6 Kf6 38. Kf1 Rd4 39. b4 Rd3 40. b5 Ke7
41. b6 Ra3 42. b7 d5 43. Ra7 Ra1 44. Rxa1 Bxa1 45. b8=Q+ Ke6 46. Qe8+ Kf6 47.
Qxf7+ Kg5 48. Qxd5+ Kh6 49. Qd7 Be5 50. Qxh7+ Kg5 51. Ra5 {Black resigns} 1-0

[Event "Team 45 45 League T28"]
[Site "Internet Chess Club"]
[Date "2005.10.19"]
[Round "6"]
[White "rpgrossman"]
[Black "DayDream01"]
[Result "1/2-1/2"]
[WhiteElo "1039"]
[BlackElo "1150"]
[TimeControl "2700+45"]

1. e4 g6 2. d4 Bg7 3. Nf3 Nf6 4. e5 Nd5 5. Bc4 e6 6. Bg5 Ne7 7. Nc3 d6 8. d5
Bxe5 9. Nxe5 dxe5 10. Bf6 Rg8 11. Ne4 exd5 12. Bxd5 Qxd5 13. Qxd5 Nxd5 14. Bxe5
Bf5 15. Nf6+ Nxf6 16. Bxf6 Nd7 17. Bc3 Bxc2 18. O-O O-O-O 19. Rac1 Bf5 20. Bf6
Nxf6 21. Rfe1 Rd2 22. Re7 Rgd8 23. Rcxc7+ Kb8 24. Rxb7+ Kc8 25. Rbc7+ Kb8 26.
Rb7+ {Game drawn by mutual agreement} 1/2-1/2

[Event "Team 45 45 League T28"]
[Site "Internet Chess Club"]
[Date "2005.10.22"]
[Round "6"]
[White "gule"]
[Black "DTK"]
[Result "0-1"]
[WhiteElo "1844"]
[BlackElo "2069"]
[TimeControl "2700+45"]

1. d4 Nf6 2. c4 c5 3. d5 b5 4. cxb5 a6 5. Nc3 Bb7 6. e4 g6 7. Nf3 d6 8. Qc2 Bg7
9. Bc4 O-O 10. O-O Nbd7 11. h3 Nb6 12. bxa6 Bxa6 13. Bxa6 Rxa6 14. Rb1 Qa8 15.
b3 Nxe4 16. Nxe4 Rxa2 17. Qd3 Nxd5 18. Rd1 Nb4 19. Qc4 Rc2 20. Qb5 Qxe4 21. Be3
Qc6 22. Qf1 Ra8 23. Rdc1 Raa2 24. Rxc2 Nxc2 25. Qc1 Nxe3 26. Qxe3 e6 27. Qg5 Qd7
28. Qe3 Ra1 29. Rxa1 Bxa1 30. h4 h5 31. Qh6 Bg7 32. Qe3 Qe7 33. g3 d5 34. Qf4 e5
35. Qa4 e4 36. Ng5 Bf6 37. Qa8+ Qd8 38. Qc6 Be7 39. Nxe4 dxe4 40. Qxe4 Qd7 41.
Qc2 Kg7 42. Qc4 Qd4 43. Qc2 Qb4 44. Kg2 Bf6 45. Kh3 Qe1 46. Kg2 Bd4 47. Qa2 Qe4+
48. Kg1 Qf3 49. Qc2 Qxg3+ {White resigns} 0-1

[Event "Team 45 45 League T28"]
[Site "Internet Chess Club"]
[Date "2005.10.23"]
[Round "6"]
[White "tourettes"]
[Black "Poet-Laureate"]
[Result "0-1"]
[WhiteElo "1817"]
[BlackElo "1757"]
[TimeControl "2700+45"]

1. e4 c6 2. Nc3 d5 3. g3 d4 4. Nce2 e5 5. d3 c5 6. Bh3 Nc6 7. f4 Nf6 8. fxe5
Nxe5 9. Nf4 Bg4 10. Bxg4 Nfxg4 11. Nd5 Bd6 12. Bd2 O-O 13. Nf3 f5 14. Nxe5 Nxe5
15. Bf4 fxe4 16. Bxe5 Bxe5 17. dxe4 Qa5+ 18. Qd2 Qd8 19. O-O-O Qd7 20. Rdf1 Qb5
21. Rf2 Rxf2 22. Qxf2 d3 23. c3 Bd6 24. Qe3 Rf8 25. e5 c4 26. Qd4 Bc5 27. Qe4
Rf2 28. Nb4 Bxb4 29. cxb4 Qxb4 30. Qd5+ Kh8 31. Qd8+ Rf8 32. Qd4 h6 33. Rd1 Qa4
34. a3 Qc2# {White checkmated} 0-1

[Event "Team 45 45 League T28"]
[Site "Internet Chess Club"]
[Date "2005.10.23"]
[Round "6"]
[White "Bort"]
[Black "TimGluckman"]
[Result "1-0"]
[WhiteElo "1947"]
[BlackElo "1864"]
[TimeControl "2700+45"]

1. d4 b6 2. e4 e6 3. Nf3 Bb7 4. Bd3 Nf6 5. Qe2 c5 6. c3 cxd4 7. cxd4 Nc6 8. a3
d5 9. e5 Ne4 10. Bxe4 dxe4 11. Qxe4 Na5 12. Qd3 Qc8 13. Nc3 Nb3 14. Qb5+ {Black
resigns} 1-0

[Event "Team 45 45 League T28"]
[Site "Internet Chess Club"]
[Date "2005.10.21"]
[Round "6"]
[White "Rookmaster"]
[Black "ApakohKrieger"]
[Result "0-1"]
[WhiteElo "1744"]
[BlackElo "1710"]
[TimeControl "2700+45"]

1. e4 c5 2. Nf3 Nc6 3. Bb5 e6 4. O-O g6 5. Bxc6 bxc6 6. e5 Bg7 7. d3 Qc7 8. Re1
Ne7 9. Nc3 O-O 10. Bf4 Nd5 11. Qd2 Rb8 12. Ne4 Rxb2 13. Nxc5 Nxf4 14. Qxf4 Rxc2
15. Ne4 f6 16. Qh4 fxe5 17. Qe7 Qd8 18. Qd6 Re8 19. a4 Qe7 20. Rab1 Bf8 21. Qxe5
Bg7 22. Qd6 Rb2 23. Qxe7 Rxe7 24. Rxb2 Bxb2 25. Rb1 d5 26. Rxb2 dxe4 27. dxe4
Kg7 28. h3 c5 29. Rb8 Rc7 30. Rb3 a5 31. Kf1 Bd7 32. Rc3 Bxa4 33. Ng5 Bd7 34. e5
h6 35. Ne4 Bb5+ 36. Ke1 c4 37. Nd6 Rc5 38. f4 Ba6 39. g4 g5 40. Kf2 gxf4 41. Kf3
Rxe5 42. Kxf4 Rd5 43. Ne4 Rd3 44. Rxd3 cxd3 45. Ke3 a4 46. Kd2 a3 47. Kc3 a2 48.
Kb2 Bc4 49. Nd2 Bd5 50. h4 e5 51. g5 hxg5 52. hxg5 e4 53. Nf1 Kg6 54. Ne3 d2 55.
Nd1 Kxg5 56. Ka1 Kf4 57. Kb2 e3 58. Nxe3 Kxe3 59. Kc2 d1=Q+ 60. Kxd1 Bb3+ 61.
Kc1 a1=Q# {White checkmated} 0-1  gargamalito1987(71): perrin perrin

[Event "Team 45 45 League T28"]
[Site "Internet Chess Club"]
[Date "2005.10.21"]
[Round "6"]
[White "az2112"]
[Black "DBTaylor"]
[Result "1-0"]
[WhiteElo "1664"]
[BlackElo "1496"]
[TimeControl "2700+45"]

1. d4 d5 2. c4 e6 3. Nc3 c5 4. Nf3 Nc6 5. Bf4 cxd4 6. Nxd4 Bb4 7. Rc1 Qe7 8. a3
Nxd4 9. Qxd4 Bxc3+ 10. Rxc3 f6 11. Bg3 Nh6 12. e4 dxe4 13. Bd6 Qd7 14. c5 Nf5
15. Qb4 a6 16. Be2 Nxd6 17. cxd6 O-O 18. Rc7 Qd8 19. O-O Rf7 20. Rfc1 Rxc7 21.
Rxc7 Rb8 22. Qb6 f5 23. Rxg7+ {Black resigns} 1-0

[Event "Team 45 45 League T28"]
[Site "Internet Chess Club"]
[Date "2005.10.23"]
[Round "6"]
[White "MJBerkey88"]
[Black "Traho"]
[Result "1-0"]
[WhiteElo "1431"]
[BlackElo "1375"]
[TimeControl "2700+45"]

1. e4 c5 2. Nf3 d6 3. c3 Nc6 4. d4 cxd4 5. cxd4 Bg4 6. Be3 Nf6 7. Nc3 a6 8. Be2
e5 9. d5 Ne7 10. O-O h6 11. a4 Rc8 12. Rc1 Ng6 13. b4 Nf4 14. b5 Nxe2+ 15. Qxe2
Bxf3 16. Qxf3 Qd7 17. Qe2 axb5 18. Qxb5 Qxb5 19. Nxb5 Kd7 20. Rxc8 Kxc8 21. Rc1+
Kd8 22. Bb6+ Ke7 23. Rc7+ Nd7 24. Rxb7 g5 25. a5 Bg7 26. a6 Rc8 27. Nc7 Nxb6 28.
f3 Kf6 29. a7 Na8 30. Nxa8 Rxa8 31. Kf1 Bf8 32. Ke2 Kg7 33. Kd3 Kf6 34. Kc4 Be7
35. Kb5 Bd8 36. Ka6 Rxa7+ 37. Rxa7 Be7 38. Kb6 Bf8 39. Rd7 Kg6 40. Kc6 f6 41.
Rxd6 Bxd6 42. Kxd6 Kf7 43. Kc7 {Black resigns} 1-0

[Event "Team 45 45 League T28"]
[Site "Internet Chess Club"]
[Date "2005.10.22"]
[Round "6"]
[White "SandiaCaveMan"]
[Black "Ferdyrojo"]
[Result "1-0"]
[WhiteElo "1328"]
[BlackElo "1284"]
[TimeControl "2700+45"]

1. d4 d5 2. c4 dxc4 3. e3 e6 4. Bxc4 Nf6 5. Nc3 Bb4 6. Bd2 a6 7. a3 Be7 8. Nf3
Nc6 9. O-O O-O 10. Re1 Na5 11. Ba2 b5 12. Qe2 Bb7 13. e4 Re8 14. Rac1 c5 15.
dxc5 Nc6 16. e5 Nd5 17. Nxd5 exd5 18. Red1 Qc7 19. Bxd5 Bf8 20. Bf4 g6 21. g3
Bg7 22. e6 fxe6 23. Bxc7 exd5 24. Qd2 Na7 25. Nd4 Rac8 26. Bb6 Nc6 27. Nxc6 Bxc6
28. Re1 Bf6 29. Rxe8+ Rxe8 30. b3 d4 31. Re1 Rxe1+ 32. Qxe1 d3 33. Qe6+ Kg7 34.
Qxc6 {Black resigns} 1-0

[Event "Team 45 45 League T28"]
[Site "Internet Chess Club"]
[Date "2005.10.24"]
[Round "6"]
[White "gatoruss"]
[Black "Willymty"]
[Result "1-0"]
[WhiteElo "1306"]
[BlackElo "1238"]
[TimeControl "2700+45"]

1. d4 d5 2. c4 c6 3. Nf3 e6 4. a3 h6 5. Nc3 Bd6 6. c5 Bc7 7. e4 dxe4 8. Nxe4 Nf6
9. Qc2 O-O 10. Ne5 Qxd4 11. Nxf6+ gxf6 12. Nf3 Ba5+ 13. Bd2 Bxd2+ 14. Qxd2 Qxd2+
15. Nxd2 b6 16. b4 bxc5 17. bxc5 Ba6 18. Ne4 Bxf1 19. Kxf1 f5 20. Nf6+ Kg7 21.
Nh5+ Kg6 22. Nf4+ Kf6 23. f3 Na6 24. g4 Nxc5 25. Rc1 Rab8 26. Rxc5 Rb1+ 27. Kg2
Rxh1 28. Kxh1 Kg5 29. Nh3+ Kh4 30. Kg2 fxg4 31. fxg4 f5 32. Rxc6 Re8 33. Nf2
fxg4 34. Rc4 h5 35. h3 Rg8 36. Nd3 Kg5 37. Rc5+ Kh6 38. h4 Rf8 39. Re5 Rf6 40.
Nc5 Kg6 41. Nxe6 Rf5 42. Re4 Kf6 43. Nf4 Re5 44. Rxe5 Kxe5 45. Nxh5 Kf5 46. Kg3
a5 47. Nf4 a4 48. h5 Kg5 49. h6 Kxh6 50. Kxg4 Kg7 51. Kf5 Kf7 52. Nd5 Ke8 53.
Nb6 Ke7 54. Ke5 Kd8 55. Kd5 Kc7 56. Nxa4 Kb7 57. Kc5 Ka6 58. Kb4 Ka7 59. Kb5 Kb7
60. Nb6 Ka7 61. a4 Kb7 62. a5 Kb8 63. Ka6 Kc7 64. Ka7 Kc6 65. a6 Kb5 66. Kb7 Ka5
67. a7 {Black resigns} 1-0

[Event "Team 45 45 League T28"]
[Site "Internet Chess Club"]
[Date "2005.10.23"]
[Round "6"]
[White "littleboo"]
[Black "cwberkey"]
[Result "0-1"]
[WhiteElo "1192"]
[BlackElo "1511"]
[TimeControl "2700+45"]

1. e4 g6 2. Nc3 Bg7 3. Nf3 d6 4. h3 Nf6 5. d4 c6 6. Bc4 b5 7. Bb3 b4 8. Ne2 Nxe4
9. O-O O-O 10. c3 bxc3 11. Nxc3 Nf6 12. d5 c5 13. a3 Bb7 14. Bf4 Nbd7 15. Ba2
Nb6 16. b4 c4 17. Ne1 Nfxd5 18. Nxd5 Nxd5 19. Rc1 Nxf4 20. Rxc4 Bd5 21. Rxf4
Bxa2 22. Qd2 Bh6 23. Nd3 Bc4 24. Re1 Bxd3 25. Qxd3 Bxf4 26. Qd4 Be5 27. Qe4 f5
28. Qd5+ Kg7 29. Rf1 Rc8 30. f4 Qb6+ 31. Kh1 Bf6 32. Kh2 Qd4 33. Qb3 Rc3 34. Qe6
Qc4 35. Qe1 Rxa3 {White resigns} 0-1

[Event "Team 45 45 League T28"]
[Site "Internet Chess Club"]
[Date "2005.10.23"]
[Round "6"]
[White "chesskix"]
[Black "fuzzface"]
[Result "1-0"]
[WhiteElo "1449"]
[BlackElo "1363"]
[TimeControl "2700+45"]

1. c4 Nc6 2. g3 e6 3. Bg2 Bc5 4. Nf3 Qf6 5. e3 Nge7 6. d4 Bb4+ 7. Nc3 Nd5 8.
cxd5 exd5 9. O-O O-O 10. Nxd5 Qd6 11. Nxb4 Qxb4 12. a3 Qd6 13. Bd2 Ne7 14. Bb4
Qf6 15. Rc1 d6 16. Rxc7 Nc6 17. d5 Qd8 18. dxc6 Qxc7 19. Bxd6 Qd7 20. cxd7
{Black resigns} 1-0

[Event "Team 45 45 League T28"]
[Site "Internet Chess Club"]
[Date "2005.10.23"]
[Round "6"]
[White "Mississippian"]
[Black "klt713"]
[Result "1-0"]
[WhiteElo "1441"]
[BlackElo "1182"]
[TimeControl "2700+45"]

1. e4 c5 2. Nf3 e6 3. c3 d6 4. d4 cxd4 5. cxd4 Nf6 6. Bd3 Be7 7. O-O Bd7 8. Nc3
a6 9. Bg5 O-O 10. Re1 Nc6 11. Qc2 Nb4 12. Qe2 Nxd3 13. Qxd3 Rc8 14. d5 e5 15.
Nd2 b5 16. b4 h6 17. Be3 Nh7 18. a4 f5 19. Nf3 f4 20. Bd2 Qe8 21. Rec1 Qg6 22.
axb5 axb5 23. Ra7 Bh3 24. Qf1 Bf6 25. Nxb5 Rxc1 26. Bxc1 Rc8 27. Ba3 Nf8 28. Kh1
Kh7 29. gxh3 Qh5 30. Qg2 Ng6 31. Nxd6 Rc3 32. Ne8 Rxf3 33. Nxf6+ Kh8 34. Nxh5
Nh4 35. Qxg7# {Black checkmated} 1-0

[Event "Team 45 45 League T28"]
[Site "Internet Chess Club"]
[Date "2005.10.23"]
[Round "6"]
[White "tarheels"]
[Black "Thersites"]
[Result "0-1"]
[WhiteElo "1700"]
[BlackElo "1700"]
[TimeControl "2700+45"]

1. e4 c5 2. Nf3 e6 3. d4 cxd4 4. Nxd4 Nc6 5. Nc3 Nge7 6. Ndb5 Ng6 7. Be3 d6 8.
Qd2 a6 9. Na3 Be7 10. Rd1 b5 11. Ncb1 Bb7 12. c4 b4 13. Nc2 a5 14. b3 O-O 15. f3
Qc7 16. Qf2 Rac8 17. Bb6 Qb8 18. f4 Rfe8 19. Be2 Bd8 20. Be3 Bc7 21. O-O Nce7
22. Bd3 d5 23. exd5 exd5 24. g3 dxc4 25. Bxc4 Nf5 26. Rfe1 Nxe3 27. Nxe3 Bb6 28.
Nd2 Qa7 29. Ndf1 Ba8 30. f5 Ne5 31. Bd5 Ng4 32. Qf4 Nxe3 33. Bxf7+ Kxf7 34. Nxe3
Rxe3 35. Rd7+ Re7+ {White resigns} 0-1